[Event "Hastings International Chess Congress"]
[Site "?"]
[Date "2012.12.29"]
[Round "2.1"]
[White "Vocaturo, GM Daniele"]
[Black "Rendle, IM Thomas E"]
[Result "1/2-1/2"]
[ECO "C11"]
[WhiteElo "2521"]
[BlackElo "2381"]
[PlyCount "119"]
[EventDate "2012.??.??"]
[TimeControl "6600+1080"]
[WhiteClock "0:10:09"]
[BlackClock "0:03:15"]

1. e4 e6 2. d4 d5 3. Nc3 Nf6 4. e5 Nfd7 5. f4 c5 6. Nf3 Nc6 7. Be3 Be7 8. Qd2
O-O 9. a3 b6 10. g3 cxd4 11. Nxd4 Nxd4 12. Bxd4 Nb8 13. Bd3 Nc6 14. Bf2 f6 15.
exf6 Bxf6 16. O-O-O Bb7 17. Rhe1 Qd7 18. Bb5 Rac8 19. Kb1 Qf7 20. Bxc6 Rxc6 21.
Bd4 Ba6 22. Na2 Bb5 23. Nb4 Rd6 24. Be5 Bxe5 25. Rxe5 a5 26. Na2 Bc4 27. Nc3
Rc6 28. Rde1 Qg6 29. Rg5 Qf6 30. Nd1 d4 31. Nf2 Bd5 32. Ng4 Qd8 33. Ne5 Rc5 34.
Qd3 Qc7 35. Ng4 Kh8 36. Ne5 Kg8 37. h4 Rc8 38. Re2 b5 39. Rh5 h6 40. Qg6 d3 41.
Qxd3 Bc4 42. Nxc4 Rxh5 43. Ne5 Qb7 44. Rd2 Rf5 45. Qb3 Qb6 46. Rd7 Rf6 47. Qd3
Qg1+ 48. Ka2 Qc5 49. Qf3 Rc7 50. Qd3 Rf8 51. c3 b4 52. cxb4 axb4 53. Qb3 Rb8
54. Qxe6+ Kh8 55. Nf7+ Kh7 56. Qe4+ g6 57. Ng5+ Kh8 58. Nf7+ Kh7 59. Ng5+ Kh8
60. Nf7+ 1/2-1/2

[Event "Hastings International Chess Congress"]
[Site "?"]
[Date "2012.12.29"]
[Round "2.2"]
[White "Ashton, FM Adam G"]
[Black "Gretarsson, IM Hjorvar Steinn"]
[Result "0-1"]
[ECO "B87"]
[WhiteElo "2366"]
[BlackElo "2516"]
[PlyCount "72"]
[EventDate "2012.??.??"]
[TimeControl "6600+1440"]
[WhiteClock "0:09:47"]
[BlackClock "0:45:03"]

1. e4 c5 2. Nf3 d6 3. d4 cxd4 4. Nxd4 Nf6 5. Nc3 a6 6. Bc4 e6 7. Bb3 b5 8. O-O
Be7 9. f4 O-O 10. Be3 b4 11. Na4 Bb7 12. Nxe6 fxe6 13. Bxe6+ Kh8 14. Nb6 Bxe4
15. Nxa8 Bxa8 16. a3 bxa3 17. Rxa3 d5 18. Rd3 Nbd7 19. Bd4 Bc5 20. Bxd7 Bxd4+
21. Rxd4 Qxd7 22. Qd3 Qc6 23. Rd1 Re8 24. h3 h6 25. Kh2 Bb7 26. Rd2 Qc7 27. Re2
Ne4 28. Qf3 Rf8 29. g3 Nd6 30. Qd3 Nb5 31. Rb4 d4 32. Rc4 Qd7 33. Re5 Ba8 34.
Qe2 Qb7 35. g4 Qh1+ 36. Kg3 g5 0-1

[Event "Hastings International Chess Congress"]
[Site "?"]
[Date "2012.12.29"]
[Round "2.6"]
[White "Flear, WIM Christine"]
[Black "Arkell, GM Keith C"]
[Result "0-1"]
[ECO "A43"]
[WhiteElo "2156"]
[BlackElo "2470"]
[PlyCount "58"]
[EventDate "2012.??.??"]
[TimeControl "6600+995"]
[WhiteClock "0:05:49"]
[BlackClock "1:06:45"]

1. d4 c5 2. d5 g6 3. e4 Bg7 4. Nf3 d6 5. h3 Nf6 6. Nc3 O-O 7. Be2 a6 8. a4 e6
9. O-O exd5 10. exd5 Re8 11. Nd2 Nbd7 12. Nc4 Nb6 13. Nxb6 Qxb6 14. a5 Qc7 15.
Be3 Bd7 16. Ra2 Ne4 17. Nxe4 Rxe4 18. c3 Bb5 19. Bd3 Bxd3 20. Qxd3 Rae8 21. Rb1
Qd7 22. b4 Qf5 23. Rd2 Bxc3 24. Qxc3 Rxe3 25. Qc1 Qxb1 26. Qxb1 Re1+ 27. Qxe1
Rxe1+ 28. Kh2 cxb4 29. Rb2 Re4 0-1

[Event "Hastings International Chess Congress"]
[Site "?"]
[Date "2012.12.29"]
[Round "2.7"]
[White "Kvisla, Johannes Luangtep"]
[Black "Vovk, GM Andrey"]
[Result "0-1"]
[ECO "B67"]
[WhiteElo "2148"]
[BlackElo "2567"]
[PlyCount "64"]
[EventDate "2012.??.??"]
[TimeControl "6600+915"]
[WhiteClock "0:58:31"]
[BlackClock "0:16:25"]

1. e4 c5 2. Nf3 d6 3. d4 cxd4 4. Nxd4 Nf6 5. Nc3 Nc6 6. Bg5 e6 7. Qd2 a6 8.
O-O-O Bd7 9. f3 Rc8 10. h4 h6 11. Be3 h5 12. Kb1 Ne5 13. Bg5 b5 14. f4 b4 15.
fxe5 bxc3 16. exf6 gxf6 17. bxc3 fxg5 18. hxg5 Rc5 19. Nb3 Rxg5 20. Bxa6 Rhg8
21. Qe2 Qc7 22. Rxh5 Qxc3 23. Rxg5 Rxg5 24. Qf3 Qe5 25. Rf1 Bg7 26. Kc1 Kd8 27.
g4 Qb2+ 28. Kd1 Qxa2 29. Qe3 Rxg4 30. Be2 Rg6 31. Rxf7 Bh6 32. Nc1 Qa1 0-1

[Event "Hastings International Chess Congress"]
[Site "?"]
[Date "2012.12.29"]
[Round "2.8"]
[White "Sulskis, GM Sarunas"]
[Black "Hagen, Anders Gjerdrum"]
[Result "1-0"]
[ECO "B67"]
[WhiteElo "2550"]
[BlackElo "2126"]
[PlyCount "45"]
[EventDate "2012.??.??"]
[TimeControl "6600+905"]
[WhiteClock "1:11:05"]
[BlackClock "1:03:07"]

1. e4 c5 2. Nf3 Nc6 3. d4 cxd4 4. Nxd4 Nf6 5. Nc3 d6 6. Bg5 e6 7. Qd2 a6 8.
O-O-O Bd7 9. f4 b5 10. e5 dxe5 11. fxe5 h6 12. exf6 hxg5 13. Ne4 gxf6 14. Qf2
Ne5 15. Nxf6+ Ke7 16. Nxd7 Qxd7 17. Nf5+ exf5 18. Rxd7+ Nxd7 19. Qxf5 Bg7 20.
Bxb5 axb5 21. Re1+ Ne5 22. Rxe5+ Bxe5 23. Qxe5+ 1-0

[Event "Hastings International Chess Congress"]
[Site "?"]
[Date "2012.12.29"]
[Round "2.9"]
[White "Atako, Chino C"]
[Black "Hebden, GM Mark L"]
[Result "1/2-1/2"]
[ECO "A58"]
[WhiteElo "2117"]
[BlackElo "2547"]
[PlyCount "140"]
[EventDate "2012.??.??"]
[TimeControl "6600+1270"]
[WhiteClock "0:17:35"]
[BlackClock "0:55:43"]

1. d4 Nf6 2. c4 c5 3. d5 b5 4. cxb5 a6 5. bxa6 Bxa6 6. Nc3 d6 7. g3 g6 8. Bg2
Bg7 9. Nf3 Nbd7 10. O-O Nb6 11. Re1 O-O 12. e4 Ng4 13. h3 Ne5 14. Nxe5 Bxe5 15.
Bh6 Re8 16. Qc2 Nc4 17. Rac1 Bd4 18. b3 Ne5 19. Red1 Qa5 20. Bf4 Reb8 21. Bxe5
Bxe5 22. Nb1 Bg7 23. Qd2 Qxd2 24. Rxd2 Rb4 25. Na3 Bh6 26. f4 g5 27. Rf2 gxf4
28. gxf4 Rd4 29. Nc4 f5 30. Rc3 fxe4 31. Re3 Kf7 32. Rxe4 Bg7 33. Rfe2 Bf6 34.
Kh2 Rd3 35. R4e3 Bxc4 36. bxc4 Rxa2 37. Rxe7+ Bxe7 38. Rxa2 Rd4 39. Bf1 Rxf4
40. Bd3 h5 41. Kg3 Rd4 42. Rf2+ Kg7 43. Rf3 Bg5 44. Kf2 Bf4 45. Ke2 Kf6 46. Kf2
Kg5 47. Kf1 Kh4 48. Kf2 Be5 49. Kg2 Kg5 50. Rf5+ Kh6 51. Rf3 Rh4 52. Rf7 Rd4
53. Rf3 Bf4 54. Kf2 Kg7 55. Ke2 Kf6 56. Kf2 Ke7 57. Ke2 Be5 58. Ke1 Rh4 59. Ke2
Kd8 60. Kd2 Kc7 61. Kc2 Kb6 62. Kb3 Ka5 63. Ka3 Rd4 64. Kb3 h4 65. Ka3 Bg3 66.
Kb3 Be1 67. Ka3 Bd2 68. Kb3 Be1 69. Ka3 Bd2 70. Kb3 Be1 1/2-1/2

[Event "Hastings International Chess Congress"]
[Site "?"]
[Date "2012.12.29"]
[Round "2.11"]
[White "Barton, R Alan"]
[Black "Eames, FM Robert S"]
[Result "0-1"]
[ECO "D02"]
[WhiteElo "2080"]
[BlackElo "2263"]
[PlyCount "80"]
[EventDate "2012.??.??"]
[TimeControl "6600+1340"]
[WhiteClock "0:06:16"]
[BlackClock "0:05:27"]

1. d4 d5 2. Nf3 Nf6 3. Bf4 c5 4. e3 Nc6 5. c3 Qb6 6. Qb3 c4 7. Qc2 Bf5 8. Qc1
Nh5 9. Be2 Nxf4 10. exf4 h6 11. O-O e6 12. Ne5 Bd6 13. Nd2 Qc7 14. a4 O-O 15.
g3 Na5 16. Bd1 f6 17. Ng4 Qf7 18. Ne3 Bh3 19. Ng2 g5 20. fxg5 fxg5 21. Bc2 Rae8
22. Qd1 Nc6 23. a5 e5 24. Ba4 exd4 25. Bxc6 bxc6 26. cxd4 c5 27. Ra3 cxd4 28.
Rf3 Qg6 29. Rxf8+ Rxf8 30. Nxc4 dxc4 31. Qxd4 Qe6 32. Re1 Qf7 33. Rc1 Be6 34.
f4 Bb4 35. a6 Ba5 36. Kh1 Bb6 37. Qd2 Bd5 38. Rf1 Qf5 39. Rd1 Bf3 40. Rf1 Qe4
0-1

[Event "Hastings International Chess Congress"]
[Site "?"]
[Date "2012.12.29"]
[Round "2.12"]
[White "Kirk, Ezra"]
[Black "Taylor, Adam C"]
[Result "1-0"]
[ECO "A40"]
[WhiteElo "2254"]
[BlackElo "1946"]
[PlyCount "83"]
[EventDate "2012.??.??"]
[TimeControl "6600+1235"]
[WhiteClock "0:33:58"]
[BlackClock "0:02:47"]

1. d4 g6 2. Nf3 Bg7 3. c4 Nf6 4. Nc3 O-O 5. g3 c5 6. d5 d6 7. Bg2 e5 8. e4 a6
9. a4 Ne8 10. O-O f5 11. exf5 Bxf5 12. Ng5 Nc7 13. Nge4 h6 14. Qb3 Rf7 15. Qxb7
Nd7 16. a5 Rb8 17. Qc6 Bf8 18. Qa4 Rb4 19. Qa2 Nf6 20. Nxf6+ Qxf6 21. Ne4 Bxe4
22. Bxe4 Ne8 23. Rb1 Rfb7 24. b3 Rb8 25. h4 Qf7 26. Qc2 Kg7 27. f4 Nf6 28. fxe5
dxe5 29. Bd2 R4b7 30. d6 Bxd6 31. Bxb7 Rxb7 32. Bxh6+ Kxh6 33. Qd2+ Kg7 34.
Qxd6 Qe7 35. Qxa6 Ne4 36. Kg2 Nd2 37. Rf6 Nxb1 38. Rxg6+ Kf8 39. Qa8+ Qe8 40.
Rg8+ Kxg8 41. Qxe8+ Kh7 42. Qh5+ 1-0

[Event "Hastings International Chess Congress"]
[Site "?"]
[Date "2012.12.29"]
[Round "2.14"]
[White "Cafferty, FM Bernard"]
[Black "Hamitevici, IM Vladimir"]
[Result "0-1"]
[ECO "A27"]
[WhiteElo "2105"]
[BlackElo "2440"]
[PlyCount "62"]
[EventDate "2012.??.??"]
[TimeControl "6600+1215"]
[WhiteClock "0:02:06"]
[BlackClock "0:02:07"]

1. c4 e5 2. Nc3 Nc6 3. Nf3 f5 4. d4 e4 5. Ng5 Nf6 6. Nh3 Bb4 7. e3 Bxc3+ 8.
bxc3 d6 9. Be2 O-O 10. O-O b6 11. Nf4 Na5 12. c5 dxc5 13. Ba3 g5 14. Nh3 Nd5
15. dxc5 Nxc3 16. Qc2 Nxe2+ 17. Qxe2 Qe7 18. Rac1 Rf7 19. Bb2 f4 20. Qd2 h6 21.
Qd4 Kh7 22. Qh8+ Kg6 23. exf4 g4 24. f5+ Rxf5 25. Rc3 Bb7 26. Qd4 Rd8 27. Qe3
gxh3 28. Qxh3 Rg5 29. Bc1 Qd7 30. cxb6 e3 31. Qxd7 Rxg2+ 0-1

[Event "Hastings International Chess Congress"]
[Site "?"]
[Date "2012.12.29"]
[Round "2.17"]
[White "Haydon, FM David L"]
[Black "Gregory, Stephen J"]
[Result "1/2-1/2"]
[ECO "B01"]
[WhiteElo "2315"]
[BlackElo "2086"]
[PlyCount "128"]
[EventDate "2012.??.??"]
[TimeControl "6600+915"]
[WhiteClock "1:24:53"]
[BlackClock "0:14:17"]

1. e4 d5 2. exd5 Qxd5 3. Nc3 Qa5 4. d4 Nf6 5. Bc4 c6 6. Nge2 b5 7. Bb3 b4 8.
Na4 e6 9. O-O Be7 10. Bd2 Qd8 11. Nc5 a5 12. a3 Bxc5 13. dxc5 Ra7 14. Bf4 Rd7
15. Bd6 Ba6 16. Re1 Ne4 17. Qd4 Nxd6 18. Qxg7 Rf8 19. cxd6 Bxe2 20. Rxe2 Rxd6
21. axb4 Rd1+ 22. Re1 Rxa1 23. Rxa1 axb4 24. g3 h5 25. h4 Nd7 26. Qd4 c5 27.
Qd6 Qb8 28. Qc6 Qb6 29. Qf3 Ke7 30. Qxh5 Rg8 31. Bc4 Qc7 32. Re1 Rxg3+ 33. fxg3
Qxg3+ 34. Kf1 Qf4+ 35. Ke2 Qxc4+ 36. Kd2 b3 37. c3 Qf4+ 38. Kd1 Qa4 39. Qg5+ f6
40. Qg7+ Kd6 41. Qh6 Qg4+ 42. Kc1 Qa4 43. Rd1+ Kc6 44. Qg6 Qxh4 45. Qd3 Qf4+
46. Rd2 Nb6 47. Kb1 Qa4 48. Re2 Qa2+ 49. Kc1 Qa1+ 50. Kd2 Qxb2+ 51. Ke1 Qc1+
52. Kf2 Qf4+ 53. Kg2 e5 54. Qh3 f5 55. Qh8 Qg4+ 56. Kf2 e4 57. Qe8+ Kc7 58.
Qe5+ Kc6 59. Qe6+ Kb7 60. Qe7+ Ka6 61. Qxc5 Qh4+ 62. Kf1 Qh1+ 63. Kf2 Qh4+ 64.
Kf1 Qh1+ 1/2-1/2

[Event "Hastings International Chess Congress"]
[Site "?"]
[Date "2012.12.29"]
[Round "2.18"]
[White "Rudd, IM Jack"]
[Black "Ramstad, Havard"]
[Result "1-0"]
[ECO "B12"]
[WhiteElo "2288"]
[BlackElo "2071"]
[Annotator "Carr,Matthew"]
[PlyCount "85"]
[EventDate "2012.??.??"]
[TimeControl "6600+735"]
[WhiteClock "1:08:09"]
[BlackClock "0:07:10"]

1. e4 c6 2. d4 d5 3. e5 Bf5 4. Nc3 e6 5. Be3 Nd7 6. Nf3 Ne7 7. Be2 Bg6 8. O-O
Nf5 9. Bf4 Be7 10. Qd2 Bb4 11. a3 Ba5 12. b4 Bc7 13. Rae1 a5 14. Bg5 Ne7 15.
Nh4 Nf8 16. f4 Qd7 17. b5 Nf5 18. Nxf5 Bxf5 19. Na4 Qc8 20. bxc6 bxc6 21. Qc3
Nd7 22. Qxc6 O-O 23. Bb5 f6 24. Qxd7 fxg5 25. fxg5 Bd8 26. Rxf5 Rxf5 27. Qxc8
Rxc8 28. Bd7 Rc4 29. Bxe6+ Kf8 30. Bxf5 Rxa4 31. c3 Rxa3 32. Re3 Bxg5 33. Rf3
Ke7 34. Bxh7 a4 35. Bg8 Ra2 36. Bxd5 Rc2 37. c4 Bd2 38. e6 Bg5 39. Rf7+ Kd8 40.
Rd7+ Ke8 41. Rxg7 Be3+ 42. Kf1 Bxd4 43. Bc6+ 1-0

[Event "Hastings International Chess Congress"]
[Site "?"]
[Date "2012.12.29"]
[Round "2.2"]
[White "Armstrong, Malcolm J"]
[Black "Snape, Ian L"]
[Result "0-1"]
[ECO "A37"]
[WhiteElo "2046"]
[BlackElo "2245"]
[PlyCount "84"]
[EventDate "2012.??.??"]
[TimeControl "6600+905"]
[WhiteClock "0:47:55"]
[BlackClock "1:04:15"]

1. Nf3 c5 2. g3 g6 3. c4 Nc6 4. Nc3 Bg7 5. Bg2 e6 6. O-O Nge7 7. d3 d5 8. cxd5
exd5 9. Bf4 O-O 10. Rc1 b6 11. Qd2 d4 12. Nb5 a6 13. Na3 Be6 14. b3 Rc8 15. Bh6
Bxh6 16. Qxh6 Nf5 17. Qf4 Nb4 18. Qd2 f6 19. Qb2 Ne7 20. Nc4 Nbd5 21. a3 b5 22.
Ncd2 Nc3 23. Rfe1 Ned5 24. e4 Nb6 25. Nb1 c4 26. dxc4 bxc4 27. Nxd4 Qxd4 28.
Qxc3 Qxc3 29. Rxc3 cxb3 30. Bf1 Rxc3 31. Nxc3 Rc8 32. Nb1 a5 33. Bd3 a4 34. Kf1
Bc4 35. Ke2 Bxd3+ 36. Kxd3 Rc2 37. Re2 Rc1 38. Nc3 Ra1 39. Nb5 Ra2 40. Rd2 Nc4
41. Re2 Rxe2 42. Kxe2 b2 0-1

[Event "Hastings International Chess Congress"]
[Site "?"]
[Date "2012.12.29"]
[Round "2.3"]
[White "Stewart, Neil"]
[Black "Maroroa, Sue"]
[Result "1-0"]
[ECO "A20"]
[WhiteElo "2264"]
[BlackElo "2037"]
[PlyCount "101"]
[EventDate "2012.??.??"]
[TimeControl "6600+1000"]
[WhiteClock "0:41:14"]
[BlackClock "1:07:04"]

1. c4 e5 2. g3 Nc6 3. Nc3 f5 4. Nf3 Nf6 5. d4 e4 6. Nh4 d6 7. Bg5 Be7 8. Ng2
O-O 9. e3 Ng4 10. Bxe7 Nxe7 11. Nf4 c6 12. h4 a6 13. Be2 Nh6 14. c5 Kh8 15. Na4
Qa5+ 16. Kf1 dxc5 17. Nxc5 Nd5 18. Nxd5 cxd5 19. Qa4 Qd2 20. Qa3 a5 21. Nxe4
fxe4 22. Qxf8+ Ng8 23. Qa3 Bd7 24. Qc3 Qxc3 25. bxc3 Rc8 26. Rc1 Nf6 27. c4 Ng4
28. Bxg4 Bxg4 29. c5 Kg8 30. Ke1 Bd7 31. Rb1 Rc7 32. Kd2 Kf8 33. Rb6 Bc6 34.
Rhb1 Kf7 35. f4 h5 36. Ke1 Kf6 37. R1b5 a4 38. Ra5 Kf5 39. Kf2 Rc8 40. Ra7 Rb8
41. Kg2 Kg4 42. a3 g6 43. Rb4 Kf5 44. Kh3 Kf6 45. Raxa4 Bxa4 46. Rxa4 b5 47.
Ra6+ Kf7 48. Rd6 Ra8 49. Rxd5 Rxa3 50. c6 Ke6 51. Rc5 1-0

[Event "Hastings International Chess Congress"]
[Site "?"]
[Date "2012.12.29"]
[Round "2.4"]
[White "Furman, Boris"]
[Black "Ternault, Mathieu"]
[Result "1/2-1/2"]
[ECO "D10"]
[WhiteElo "2237"]
[BlackElo "2147"]
[PlyCount "91"]
[EventDate "2012.??.??"]
[TimeControl "6600+1240"]
[WhiteClock "0:24:26"]
[BlackClock "0:40:01"]

1. d4 d5 2. c4 c6 3. cxd5 cxd5 4. Nc3 Nf6 5. Bf4 Qb6 6. e3 Bd7 7. Bd3 e6 8. Qe2
Nc6 9. Nf3 Be7 10. h3 Rc8 11. a3 Na5 12. Ne5 Nb3 13. Rb1 O-O 14. O-O Rfd8 15.
Bg5 h6 16. Bh4 Qd6 17. f4 a6 18. g4 Ne4 19. Bxe7 Qxe7 20. Nxe4 dxe4 21. Bxe4
Bb5 22. Bd3 Bxd3 23. Nxd3 Rc7 24. Qd1 Na5 25. Rc1 Nc4 26. Qe2 b5 27. Rc3 Rdc8
28. Rfc1 Nb6 29. Rxc7 Rxc7 30. Rxc7 Qxc7 31. Nc5 Nd5 32. Qf3 Qa5 33. Qe2 Qc7
34. Kg2 g6 35. Qd3 Qd6 36. Kf3 Kg7 37. Qe4 Qc6 38. Qe5+ Kh7 39. e4 Nc7 40. Qf6
Qe8 41. h4 a5 42. Nb7 Kg8 43. Nxa5 b4 44. Qe5 bxa3 45. bxa3 Qa4 46. Qxc7
1/2-1/2

[Event "Hastings International Chess Congress"]
[Site "?"]
[Date "2012.12.29"]
[Round "2.5"]
[White "Duff, Rufus"]
[Black "Kwiatkowski, Feliks J"]
[Result "1-0"]
[ECO "B33"]
[WhiteElo "2114"]
[BlackElo "2232"]
[PlyCount "64"]
[EventDate "2012.??.??"]
[TimeControl "6600+1000"]
[WhiteClock "0:40:32"]
[BlackClock "0:12:02"]

1. e4 c5 2. Nf3 Nc6 3. d4 cxd4 4. Nxd4 Nf6 5. Nc3 e5 6. Ndb5 d6 7. Bg5 a6 8.
Na3 b5 9. Bxf6 gxf6 10. Nd5 f5 11. c3 Bg7 12. Bd3 Be6 13. Qh5 O-O 14. exf5 Bxd5
15. f6 e4 16. fxg7 Re8 17. Be2 Re5 18. Qh6 Qg5 19. Qxg5 Rxg5 20. Nc2 Rxg2 21.
Ne3 Rg5 22. h4 Re5 23. a4 Rb8 24. axb5 axb5 25. Ra6 Ne7 26. Rxd6 Kxg7 27. Rg1+
Kh8 28. Bxb5 Be6 29. Bc4 Nf5 30. Nxf5 Bxc4 31. Rc6 Rxf5 32. Rxc4 Ra5 1-0

[Event "Hastings International Chess Congress"]
[Site "?"]
[Date "2012.12.29"]
[Round "2.6"]
[White "Talsma, Paul"]
[Black "Lenier, Jude A"]
[Result "1/2-1/2"]
[ECO "E70"]
[WhiteElo "2229"]
[BlackElo "2069"]
[PlyCount "82"]
[EventDate "2012.??.??"]
[TimeControl "6600+1980"]
[WhiteClock "0:03:11"]
[BlackClock "0:01:43"]

1. d4 Nf6 2. c4 g6 3. Nc3 Bg7 4. e4 d6 5. Bg5 h6 6. Be3 Ng4 7. Bc1 e5 8. d5 f5
9. exf5 gxf5 10. Nge2 h5 11. h3 Nf6 12. g3 Na6 13. Be3 Qe7 14. Qc2 Bd7 15. Bg2
Nb4 16. Qd2 a5 17. a3 Na6 18. b4 axb4 19. axb4 O-O 20. Rb1 h4 21. O-O hxg3 22.
fxg3 b6 23. Rb2 Rae8 24. Ra1 Bc8 25. Rba2 Nxb4 26. Ra4 f4 27. gxf4 exf4 28.
Bxf4 Na6 29. Rxa6 Bxa6 30. Rxa6 Nh5 31. Bg5 Qf7 32. Nd1 Qf5 33. Be3 Be5 34. Ra3
Re7 35. Bd4 Rg7 36. Qe1 Rxg2+ 37. Kxg2 Qe4+ 38. Kg1 Bxd4+ 39. Kh2 Be5+ 40. Kg1
Bd4+ 41. Kh2 Be5+ 1/2-1/2

[Event "Hastings International Chess Congress"]
[Site "?"]
[Date "2012.12.29"]
[Round "2.7"]
[White "Murphy, Conor E"]
[Black "Sreeves, Clement"]
[Result "0-1"]
[ECO "A04"]
[WhiteElo "1956"]
[BlackElo "2223"]
[PlyCount "92"]
[EventDate "2012.??.??"]
[TimeControl "6600+775"]
[WhiteClock "0:34:17"]
[BlackClock "0:19:45"]

1. Nf3 g6 2. g3 Bg7 3. c4 c5 4. Bg2 Nc6 5. O-O e6 6. Nc3 Nge7 7. d3 O-O 8. Bg5
h6 9. Bd2 b6 10. Rb1 Bb7 11. Qc1 g5 12. a3 Ng6 13. b4 cxb4 14. axb4 f5 15. Nb5
Rb8 16. Qa3 f4 17. Nd6 Ba8 18. b5 Nce7 19. e4 g4 20. Ne1 Bd4 21. Nc2 Bc5 22.
Bb4 Qc7 23. d4 Bxb4 24. Qxb4 Nc8 25. e5 Bxg2 26. Kxg2 Nxd6 27. exd6 Qd8 28. Qd2
Qg5 29. Qd3 Rf5 30. Rbe1 Qh5 31. h4 f3+ 32. Kh2 Nxh4 33. Rh1 Ng2+ 34. Kg1 Nxe1
35. Nxe1 Qg5 36. Qc3 Rc8 37. Rh4 h5 38. Nd3 Rxb5 39. Nf4 Qh6 40. Qd3 Rf5 41. d5
Rxf4 42. gxf4 Rf8 43. Qc2 Rf5 44. Rh1 Qf6 45. Qd3 Qa1+ 46. Kh2 g3+ 0-1

[Event "Hastings International Chess Congress"]
[Site "?"]
[Date "2012.12.29"]
[Round "2.8"]
[White "Melekhina, Alisa"]
[Black "Tarhon, Brian"]
[Result "1-0"]
[ECO "B40"]
[WhiteElo "2221"]
[BlackElo "1844"]
[PlyCount "93"]
[EventDate "2012.??.??"]
[TimeControl "6600+1240"]
[WhiteClock "0:36:17"]
[BlackClock "0:54:51"]

1. e4 c5 2. Nf3 e6 3. c3 Nf6 4. e5 Nd5 5. d4 cxd4 6. cxd4 d6 7. Bc4 Nc6 8. O-O
Be7 9. Qe2 O-O 10. Nc3 Nxc3 11. bxc3 dxe5 12. dxe5 Qc7 13. Qe4 b6 14. Bd3 g6
15. Re1 Bb7 16. Qg4 Rfd8 17. Bc2 Rd5 18. Bg5 Bxg5 19. Qxg5 Qe7 20. Qf4 Rc8 21.
Re3 Na5 22. Ng5 h6 23. Ne4 Kg7 24. Nd6 Rf8 25. Be4 g5 26. Qf6+ Qxf6 27. exf6+
Kxf6 28. Nxb7 Nxb7 29. Bxd5 exd5 30. Rd1 Rd8 31. Rh3 Kg6 32. Rhd3 Rc8 33. Rxd5
Rxc3 34. Rd7 Na5 35. Rxa7 Rc2 36. h3 Rc6 37. Ra6 f6 38. Rb1 Nc4 39. Rc1 Kf5 40.
Ra4 Nb2 41. Ra5+ bxa5 42. Rxc6 a4 43. Rc2 Nd1 44. Rc4 Nb2 45. Rb4 a3 46. Rb3
Nc4 47. Rc3 1-0

[Event "Hastings International Chess Congress"]
[Site "?"]
[Date "2012.12.29"]
[Round "2.9"]
[White "Clayton, Tristan"]
[Black "Jaunooby, Ali R"]
[Result "0-1"]
[ECO "B06"]
[WhiteElo "1830"]
[BlackElo "2178"]
[PlyCount "94"]
[EventDate "2012.??.??"]
[TimeControl "6600+1020"]
[WhiteClock "0:18:42"]
[BlackClock "1:14:59"]

1. e4 g6 2. d4 c5 3. Nf3 cxd4 4. Nxd4 Bg7 5. Nc3 Nc6 6. Be3 Nf6 7. Be2 O-O 8.
Qd2 d5 9. Nxc6 bxc6 10. exd5 cxd5 11. O-O e5 12. Bc5 Re8 13. f3 Bb7 14. Bb5 Qc7
15. Bf2 Rec8 16. Rac1 Qa5 17. Bd3 d4 18. Ne4 Qxa2 19. Nd6 Rc7 20. Nxb7 Rxb7 21.
b3 Qa3 22. Rfe1 Qd6 23. Bg3 Re8 24. Ra1 Nd5 25. Ra6 Qb4 26. Qe2 Bh6 27. Rea1
Be3+ 28. Kh1 Qe7 29. Be4 Nc3 30. Qd3 Rc7 31. R6a5 f6 32. Be1 f5 33. Bxc3 fxe4
34. Qxe4 Rxc3 35. Rxa7 Rc7 36. Qd5+ Qf7 37. Qb5 Rec8 38. Rxc7 Qxc7 39. Qd5+ Kf8
40. Ra6 Rd8 41. Qe6 d3 42. Qf6+ Kg8 43. Qe6+ Qf7 44. cxd3 Qxe6 45. Rxe6 Rxd3
46. g3 Bd4 47. b4 Rxf3 0-1

[Event "Hastings International Chess Congress"]
[Site "?"]
[Date "2012.12.29"]
[Round "2.10"]
[White "Gibbs, Daniel C"]
[Black "Burnett, Jim"]
[Result "0-1"]
[ECO "D31"]
[WhiteElo "1795"]
[BlackElo "2172"]
[PlyCount "68"]
[EventDate "2012.??.??"]
[TimeControl "6600+1145"]
[WhiteClock "0:02:45"]
[BlackClock "0:54:58"]

1. d4 d5 2. c4 e6 3. Nc3 c6 4. Nf3 dxc4 5. a4 Bb4 6. e3 b5 7. Bd2 a5 8. axb5
Bxc3 9. Bxc3 cxb5 10. b3 Bb7 11. bxc4 b4 12. Bb2 Nf6 13. Bd3 Nbd7 14. O-O O-O
15. Nd2 e5 16. d5 Qb6 17. Bc2 Rfe8 18. Ba4 Re7 19. Nb3 Nc5 20. Nxc5 Qxc5 21.
Bb5 Nxd5 22. cxd5 Qxb5 23. e4 f6 24. f4 Ba6 25. Rf3 Bc8 26. d6 Rf7 27. fxe5 Bg4
28. e6 Bxe6 29. Rg3 a4 30. Qf3 Raf8 31. Rc1 Qb6+ 32. Kh1 a3 33. Bxa3 bxa3 34.
Qxa3 Rd7 0-1